 Dungeon Crawl Stone Soup version 0.24.0-29-g8ce449bc06 (webtiles) character file.

Game seed: 12432442788320590682, levelgen mode: deterministic

217 Flugslaktarn the Chopper (level 5, 0/47 HPs)
             Began as a Minotaur Fighter on Nov 14, 2019.
             Was a Follower of Uskayaw.
             Slain by Natasha (5 damage)
             ... on level 4 of the Dungeon.
             The game lasted 00:01:44 (2213 turns).

Flugslaktarn the Chopper (Minotaur Fighter)         Turns: 2213, Time: 00:01:45

Health: 0/47       AC: 12    Str: 21    XL:     5   Next: 61%
Magic:  4/4        EV:  4    Int:  5    God:    Uskayaw [*.....]
Gold:   84         SH:  9    Dex: 10    Spells: 4/4 levels left

rFire    . . .     SeeInvis .   a - +0 war axe
rCold    . . .     Gourm    .   c - +0 shield
rNeg     . . .     Faith    .   p - +0 plate armour
rPois    .         Spirit   .   (helmet restricted)
rElec    .         Reflect  .   (no cloak)
rCorr    .         Harm     .   (no gloves)
MR       .....                  (no boots)
Stlth    ..........             (no amulet)
HPRegen  0.15/turn              (no ring)
MPRegen  0.09/turn              (no ring)

@: slowed, very slow
A: retaliatory headbutt, horns 2
a: Stomp, Renounce Religion


You were on level 4 of the Dungeon.
You worshipped Uskayaw.
Uskayaw was noncommittal.
You were not hungry.

You visited 1 branch of the dungeon, and saw 4 of its levels.

You collected 84 gold pieces.

Inventory:

Hand Weapons
 a - a +0 war axe (weapon)
Armour
 c - a +0 shield (worn)
 p - a +0 plate armour (worn)
   (You found it on level 2 of the Dungeon)
Jewellery
 j - an uncursed ring of flight {unknown}
   (You found it on level 3 of the Dungeon)
 r - an uncursed amulet of guardian spirit {unknown}
   (You found it on level 2 of the Dungeon)
Scrolls
 f - 2 scrolls of remove curse {unknown}
 g - a scroll of fog {unknown}
 h - 4 scrolls of teleportation {unknown}
 i - 5 scrolls of identify {unknown}
 k - 2 scrolls of immolation {unknown}
 l - a scroll of amnesia {unknown}
 m - 2 scrolls of enchant weapon {unknown}
 n - a scroll of noise {unknown}
 s - a scroll of magic mapping {unknown}
Potions
 d - a potion of might
 o - a potion of invisibility {unknown}
 q - a potion of lignification {unknown}
Comestibles
 e - 5 rations


   Skills:
 + Level 4.6 Fighting
 * Level 4.7 Axes
 + Level 4.6 Armour
 + Level 4.6 Shields
 + Level 1.1 Invocations


You had 4 spell levels left.
You didn't know any spells.
Your spell library was empty.

Dungeon Overview and Level Annotations

Branches:
Dungeon (4/15)
 Temple: D:4-7

Altars:
Cheibriados
Ru
Uskayaw
Wu Jian

Annotations:
D:3 2 transporters, 1 exclusion, coffeespoons's ghost, amateur HaHu
D:4 Natasha


Innate Abilities, Weirdness & Mutations

You reflexively headbutt those who attack you in melee.
You have a pair of horns on your head.


Message History

You miss Natasha.
Natasha is severely wounded.
Natasha claws you but does no damage.
Natasha stares at you and mumbles some strange words.
The magic dart hits you but does no damage.
Your plate armour prevents you from hitting Natasha.
Your headbutt misses Natasha.
Natasha is severely wounded.
Natasha mewls in sadness.
You block Natasha's attack. x2
Your plate armour prevents you from hitting Natasha.
Your headbutt misses Natasha.
Natasha is severely wounded.
You block Natasha's attack. x2
You miss Natasha. Your headbutt misses Natasha.
Natasha is severely wounded.
Natasha claws you.
* * * LOW HITPOINT WARNING * * *
Natasha claws you.
You die...

#### #..#####.#
#.# ###... #..#
#.# #.#
......###..# #.#
#.# #........# .#
#.# ##.......###
#. #.#
#####.##...... ..#
###........#####
#.#
.......§.#.######.
###.#.....@h....$.
#....†>..###.#..
#..........#
#..$..)....#
%...........#
###..#...#..#
#..##.##..# #..
......# #. .## .#


You could see Natasha.

Vanquished Creatures
  Natasha (D:4)
  An orc wizard (D:3)
  8 adders
  An ooze (D:2)
  2 worms
  4 dart slugs
  7 orcs
  2 giant cockroaches
  8 goblins
  6 hobgoblins
  4 jackals (D:1)
  11 kobolds
  8 bats
  5 frilled lizards
  12 rats
80 creatures vanquished.

Notes
Turn   | Place    | Note
-------+----------+-------------------------------------------
     0 | D:1      | Flugslaktarn the Minotaur Fighter began the quest for the
                  | Orb.
     0 | D:1      | Reached XP level 1. HP: 19/19 MP: 0/0
    39 | D:1      | Reached XP level 2. HP: 22/27 MP: 1/1
   387 | D:1      | Reached XP level 3. HP: 28/33 MP: 2/2
   903 | D:2      | Found an ornate altar of the Wu Jian Council.
   923 | D:2      | Found a hide-covered altar of Uskayaw.
   924 | D:2      | Noticed a +0 hand axe
   925 | D:2      | Noticed a +0 hand axe
  1023 | D:2      | Became a worshipper of Uskayaw the Reveler
  1113 | D:2      | Found a sacrificial altar of Ru.
  1178 | D:2      | Reached XP level 4. HP: 40/40 MP: 3/3
  1332 | D:2      | Reached * piety under Uskayaw
  1338 | D:2      | Found a snail-covered altar of Cheibriados.
  1381 | D:3      | Reached ** piety under Uskayaw
  1384 | D:2      | Reached *** piety under Uskayaw
  1390 | D:2      | HP: 1/40 [poisoned by kobold (curare-tipped dart)]
  1625 | D:3      | Reached **** piety under Uskayaw
  1627 | D:3      | Reached XP level 5. HP: 46/47 MP: 4/4
  1711 | D:3      | Noticed coffeespoons's ghost (amateur HaHu)
  1712 | D:3      | Found a transporter.
  1949 | D:3      | Found a transporter.
  2001 | D:3      | Reached skill level 1 in Invocations
  2148 | D:4      | Noticed Natasha
  2153 | D:4      | Killed Natasha
  2196 | D:4      | Noticed Natasha
  2213 | D:4      | Slain by Natasha

Levels and vault maps discovered:
D:1:      giann_horns, layout_basic
D:2:      layout_rooms, lemuel_doored_altar, lemuel_crystal_altar,
          dancing_weapons_uskayaw, lemuel_coloured_pillars_altar,
          minmay_tree_intersection
D:3:      layout_rooms, tgw_sif, gammafunk_ghost_arena, chequers_garden
D:4:      layout_loops_ring, serial_shops, shop, first_ration, kennysheep_donut,
          uniq_natasha

Skill      XL: |  1  2  3  4  5 |
---------------+----------------+-----
Axes           | 3 4 |  4.7
Shields        | 4 |  4.6
Fighting       | 4 |  4.6
Armour         | 4 |  4.6
Invocations    | 1 |  1.1

Action                   |  1- 3 |  4- 6 || total
-------------------------+-------+-------++-------
Melee: War axe           |    99 |   108 ||   207
       Headbutt          |    11 |    12 ||    23
  Use: Potion            |       |     3 ||     3
 Stab: Paralysed         |       |     5 ||     5
  Eat: Chunk             |     1 |     4 ||     5
Armor: Scale mail        |    48 |       ||    48
       Plate armour      |     7 |    78 ||    85
Dodge: Dodged            |    33 |    20 ||    53
Block: Shield            |    47 |    66 ||   113
